 Dungeon Crawl Stone Soup version 0.31-a0-236-g9a0961fb85 (webtiles) character file.

Game seed: 13346402367905243296

98 qw the Shooter (level 4, -12/36 HPs)
             Began as a Minotaur Hexslinger on July 9, 2023.
             Killed by nerve-wracking pain
             ... invoked by Grinder
              (13 damage)
             ... on level 3 of the Dungeon.
             The game lasted 00:00:47 (1815 turns).

qw the Shooter (Minotaur Hexslinger)                Turns: 1815, Time: 00:00:48

Health: -12/36     AC:  6    Str: 13    XL:     4   Next: 44%
Magic:  4/4        EV: 16    Int: 10    God:
Gold:   97         SH:  0    Dex: 14    Spells: 4/5 levels left

rFire   . . .        Y - +2 sling
rCold   . . .        (no shield)
rNeg    . . .        i - +0 ring mail
rPois   .            (helmet restricted)
rElec   .            (no cloak)
rCorr   +            f - +0 pair of gloves
SInv    .            (no boots)
Will    .....        (no amulet)
Stlth   +            a - ring of the Priest {rCorr EV+5}
HPRegen 0.26/turn    (no ring)
MPRegen 0.09/turn

%: no passive effects
@: about to teleport
A: horns 2, retaliatory headbutt
a: no special abilities


You were on level 3 of the Dungeon.
You visited 1 branch of the dungeon, and saw 3 of its levels.

You collected 97 gold pieces.


Innate Abilities, Weirdness & Mutations

You have a pair of horns on your head.
You reflexively headbutt those who attack you in melee.


   Skills:
 - Level 2.0 Fighting
 + Level 4.7 Ranged Weapons
 - Level 1.3 Armour
 - Level 2.1 Dodging
 - Level 1.0 Spellcasting
 - Level 2.0 Hexes


You had 4 spell levels left.
You knew the following spells:

 Your Spells              Type           Power      Damage    Failure   Level
a - Slow                  Hex            16%        N/A       32%         1

Your spell library contained the following spells:

 Spells                   Type           Power      Damage    Failure   Level
 Inner Flame              Hex/Fire       2%         N/A       82%         3
 Portal Projectile        Hex/Tloc       4%         N/A       82%         3
 Cause Fear               Hex            2%         N/A       97%         4

Inventory:

Hand Weapons
 Y - a +2 sling (weapon)
Armour
 f - a +0 pair of gloves (worn)
 i - a +0 ring mail (worn)
Jewellery
 a - the ring of the Priest (left hand) {rCorr EV+5}
   (You acquired it on level 2 of the Dungeon)

   [ring of evasion]

   EV:        It affects your evasion (+5).
   rCorr:     It protects you from acid and corrosion.
 j - a ring of protection from fire
Scrolls
 h - a scroll of teleportation
 k - a scroll of silence {unknown}
 l - 3 scrolls of identify {unknown}
Potions
 b - a potion of resistance {unknown}
 c - a potion of invisibility {unknown}
 d - a potion of degeneration {unknown}
 e - a potion of haste {unknown}
 g - a potion of ambrosia {unknown}

Dungeon Overview and Level Annotations

Branches:
Dungeon (3/15)

Altars:

Annotations:
D:2 1 runed translucent door, Crazy Yiuf
D:3 Grinder


Message History

The sling bullet hits Grinder but does no damage.
Grinder is lightly wounded.
You shoot a sling bullet.
The sling bullet hits Grinder but does no damage.
Grinder is lightly wounded.
Grinder gestures at you. You resist with significant effort.
You shoot a sling bullet. The sling bullet hits Grinder.
Grinder is lightly wounded.
Grinder gestures at you.
You shrug off the repeated paralysis!
You shoot a sling bullet. The sling bullet hits Grinder!
Grinder is heavily wounded.
Grinder gestures at you. Pain shoots through your body!
Grinder gestures at you. Pain shoots through your body!
You shoot a sling bullet.
The sling bullet closely misses Grinder.
Grinder misses you.
You shoot a sling bullet. The sling bullet hits Grinder.
Grinder is heavily wounded.
Grinder closely misses you.
You shoot a sling bullet.
The sling bullet hits Grinder but does no damage.
Grinder is heavily wounded.
Grinder hits you.
You writhe in agony.
You shoot a sling bullet. The sling bullet hits Grinder.
Grinder is heavily wounded.
Grinder hits you.
You writhe in agony.
Grinder misses you.
1814 ||| READING 2 scrolls of teleportation.
As you read the scroll of teleportation, it crumbles to dust.
You feel strangely unstable. Grinder gestures at you.
Pain shoots through your body!
You shoot a sling bullet. The sling bullet hits Grinder.
Grinder is severely wounded.
Grinder gestures at you. Pain shoots through your body!
You die...

##...#### #^ ##..#### #
###.# ##...... ..
.....##....### :###
#.#.....# .. ## ..#
#.#....##
#..###.##$####.##....#
........###..###.....#
.......5@............####
.........................
.........##...###.#######
#.#########..## #.# #
#.## #.# #.# #.# #.# #.#
... .)# ### #.#


You could see Grinder.

Vanquished Creatures
  3 adders
  A worm (D:2)
  3 dart slugs
  3 orcs (D:3)
  3 bats
  3 endoplasms
  4 giant cockroaches
  6 goblins
  4 hobgoblins
  3 jackals (D:3)
  6 quokkas
  3 ball pythons
  2 frilled lizards (D:1)
  7 kobolds
  3 rats
54 creatures vanquished.

Notes
Turn   | Place    | Note
-------+----------+-------------------------------------------
     0 | D:1      | qw the Minotaur Hexslinger began the quest for the Orb.
     0 | D:1      | Reached XP level 1. HP: 16/16 MP: 1/1
     0 | D:1      | 0 ||| qw: Version: 0.3-a-51-g015441d
     0 | D:1      | 0 ||| qw: Game counter: 4413
     0 | D:1      | 0 ||| qw: Melee chars always use a shield: true
     0 | D:1      | 0 ||| qw: God list: Okawaru
     0 | D:1      | 0 ||| qw: Allow faded altars: false
     0 | D:1      | 0 ||| qw: Do Orc after clearing Dungeon:15 true
     0 | D:1      | 0 ||| qw: Do second Lair branch before Depths: true
     0 | D:1      | 0 ||| qw: Lair rune preference: random
     0 | D:1      | 0 ||| qw: Goals: Normal
     0 | D:1      | 0 ||| PLANNING D:1-11
   109 | D:1      | Reached skill level 3 in Ranged Weapons
   111 | D:1      | Reached XP level 2. HP: 23/23 MP: 2/2
   584 | D:1      | Reached XP level 3. HP: 29/29 MP: 3/3
   656 | D:1      | 656 ||| UPGRADING to +0 pair of gloves.
   661 | D:1      | 661 ||| UPGRADING to +0 ring mail.
   671 | D:1      | 671 ||| DROPPING +0 robe.
   672 | D:1      | 672 ||| READING scroll labelled QEWEER UFEO.
   673 | D:1      | 673 ||| READING 3 scrolls labelled EDOT YZYU.
   676 | D:1      | 676 ||| READING scroll labelled LEPLO YFFA.
   677 | D:1      | 677 ||| READING scroll labelled JESAC DOMA.
   678 | D:1      | 678 ||| DROPPING scroll of poison.
   739 | D:2      | Reached skill level 4 in Ranged Weapons
   853 | D:2      | Reached skill level 1 in Armour
  1135 | D:2      | Reached XP level 4. HP: 36/36 MP: 4/4
  1211 | D:2      | Found a runed translucent door.
  1212 | D:2      | Noticed Crazy Yiuf
  1484 | D:2      | 1484 ||| READING scroll labelled QUOSAR DOCIYQE.
  1484 | D:2      | Identified a scroll of acquirement
  1484 | D:2      | 1484 ||| ACQUIRING ring of the Priest {rCorr EV+5}
  1484 | D:2      | Acquired the ring of the Priest {rCorr EV+5}
  1486 | D:2      | 1486 ||| UPGRADING to ring of the Priest {rCorr EV+5}.
  1487 | D:2      | 1487 ||| READING scroll labelled AGITTU BINNIOM.
  1512 | D:3      | 1512 ||| STAIRDANCE
  1568 | D:3      | 1568 ||| STAIRDANCE
  1787 | D:3      | Noticed Grinder
  1793 | D:3      | Paralysed by Grinder for 5 turns
  1801 | D:3      | 1801 ||| FLEEEEING.
  1801 | D:3      | Paralysed by Grinder for 5 turns
  1813 | D:3      | HP: 4/36 [Grinder (6)]
  1814 | D:3      | 1814 ||| READING 2 scrolls of teleportation.
  1814 | D:3      | HP: 1/36 [Grinder/nerve-wracking pain (4)]
  1815 | D:3      | Killed from afar by Grinder

Levels and vault maps discovered:
D:1:      dpeg_arrival_radiant, layout_basic, minmay_misc_feat_plants,
          chequers_serial_rivers_small_b, corexii_item_surrounded_by_moat,
          moated_statue
D:2:      layout_basic, minmay_pentomino_t4, uniq_crazy_yiuf_cottage
D:3:      layout_loops_ring, mainiacjoe_overflow_cross_hatched,
          gammafunk_ghost_abyssal_escape, ebering_ecumenical_altar_box,
          grunt_ministairs_7, serial_park_tiny_1, uniq_grinder

Skill      XL: |  1  2  3 |
---------------+----------+-----
Ranged Weapons | 3 4 |  4.7
Fighting       | 2 |  2.0
Armour         | 1 |  1.3
Dodging        | |  2.1
Spellcasting   | |  1.0
Hexes          | |  2.0

Action                     |  1- 3 |  4- 6 || total
---------------------------+-------+-------++-------
   Fire: Sling             |   124 |    51 ||   175
    Use: Scroll            |     4 |     3 ||     7
 Armour: Robe              |     2 |       ||     2
         Ring mail         |    12 |     8 ||    20
  Dodge: Dodged            |    28 |    21 ||    49

Table legend:
 A = Non-vault XP
 B = Vault XP
 C = Vault XP percentage of total XP
 D = Non-vault monster count
 E = Vault monster count
 F = Vault count percentage of total count
                 A         B        C        D         E       F
            +---------+---------+-------+---------+---------+-------
      Total |     125 |      16 |  11.3 |      47 |       7 |  13.0
            +---------+---------+-------+---------+---------+-------
        D:1 |      43 |       0 |   0.0 |      23 |       0 |   0.0
        D:2 |      56 |       7 |  11.1 |      16 |       4 |  20.0
        D:3 |      26 |       9 |  25.7 |       8 |       3 |  27.3
            +---------+---------+-------+---------+---------+-------
